AoeStats
← Anemone689082

Arabia

509626828Analyzed
3v3 RM · 4d ago on Sep 27, 2026· 67m 58s· 6 players
Game mode
Random Map
Map size
Normal (6 player)
Population
200
Speed
Normal
Resources
Standard
Victory
Conquest
Starting age
Dark Age
Ending age
Imperial Age
RankedLock teamsTeams togetherTeam positionsShared explorationLock speedFull tech treeHidden civsTurbo modeCheats
Victory
Defeat
🇨🇭 Huns · Switzerland
1202
+15
🇨🇭 Franks · Switzerland
1200
+15
🇨🇭 Khmer · Switzerland
1133
+26
🇨🇦 Saxons · Canada
1212
-17
🇯🇵 Chinese · Japan
1169
-16
🇷🇴 Armenians · Romania
1131
-14
Glagediglagg
9:42 Feudal Age
7:57 Loom
11:14 Double-Bit Axe
15:42 Forging
21:53 Castle Age
22:01 Gold Mining
25:06 Husbandry
26:33 Gold Shaft Mining
27:06 Scale Barding Armor
29:00 Iron Casting
35:15 Stone Mining
35:37 Bow Saw
38:34 Chain Barding Armor
42:19 Imperial Age
40:32 Wheelbarrow
43:39 Plate Barding Armor
42:56 Cavalier
44:31 Hand Cart
45:21 Blast Furnace
44:44 Paladin
50:31 Light Cavalry
54:21 Fletching
58:53 Bodkin Arrow
Anemone689082
8:20 Loom
10:26 Feudal Age
11:10 Man-at-Arms
16:15 Double-Bit Axe
16:24 Fletching
19:49 Wheelbarrow
21:20 Padded Archer Armor
22:18 Horse Collar
22:42 Gold Mining
28:15 Castle Age
28:24 Crossbowman
29:19 Bodkin Arrow
29:34 Thumb Ring
37:44 Gold Shaft Mining
40:07 Ballistics
41:00 Leather Archer Armor
44:25 Imperial Age
42:11 Hand Cart
42:44 Bloodlines
42:34 Husbandry
45:26 Bracer
44:49 Heavy Cavalry Archer
45:55 Parthian Tactics
45:41 Town Watch
47:32 Chemistry
47:01 Capped Ram
56:58 Conscription
57:31 Caravan
60:11 Town Patrol
61:30 Elite Skirmisher
pascal.rotzinger
7:23 Loom
9:41 Feudal Age
10:57 Double-Bit Axe
15:41 Wheelbarrow
16:05 Horse Collar
21:00 Castle Age
19:35 Fletching
20:50 Scale Barding Armor
20:56 Forging
22:06 Chain Barding Armor
22:52 Bow Saw
24:24 Husbandry
24:37 Bloodlines
43:11 Imperial Age
52:52 Heavy Scorpion
54:39 Light Cavalry
59:13 Plate Barding Armor
58:35 Bodkin Arrow
59:15 Iron Casting
58:47 Hussar
69:09 Chemistry
gschiebinger
8:17 Loom
10:02 Feudal Age
14:26 Castle Age
13:09 Double-Bit Axe
13:40 Horse Collar
15:42 Scale Mail Armor
15:46 Squires
19:41 Chain Mail Armor
23:56 Bow Saw
25:54 Wheelbarrow
30:36 Hand Cart
33:50 Imperial Age
33:59 Elite Varangian Guard
35:06 Conscription
34:15 Shield Wall
37:22 Plate Mail Armor
37:03 Forging
37:42 Coinage
38:27 Pikeman
42:35 Banking
44:07 Halberdier
49:50 Masonry
50:17 Hoardings
51:40 Ballistics
ionut_s
0:28 Loom
11:13 Feudal Age
11:40 Double-Bit Axe
11:39 Horse Collar
20:58 Castle Age
18:44 Man-at-Arms
19:14 Arson
19:27 Long Swordsman
20:27 Scale Mail Armor
21:06 Two-Handed Swordsman
22:01 Gambesons
22:45 Squires
26:18 Forging
26:53 Chain Mail Armor
28:35 Iron Casting
28:38 Pikeman
29:21 Halberdier
30:57 Town Watch
33:26 Wheelbarrow
34:55 Fletching
36:27 Champion
38:05 Heavy Plow
38:15 Padded Archer Armor
38:11 Bodkin Arrow
39:43 Leather Archer Armor
44:00 Imperial Age
44:10 Ballistics
45:12 Conscription
45:01 Fereters
46:21 Chemistry
45:32 Masonry
45:21 Murder Holes
46:00 Ring Archer Armor
46:01 Plate Mail Armor
46:32 Blast Furnace
45:33 Bracer
49:22 Elite Composite Bowman
63:14 Hand Cart
63:07 Town Patrol
63:45 Gold Mining
63:45 Stone Mining
64:07 Bow Saw
65:03 Hoardings
KJI
0:27 Loom
11:03 Feudal Age
23:46 Horse Collar
31:37 Castle Age
31:39 Double-Bit Axe
42:27 Heavy Plow
44:05 Gold Mining
45:33 Wheelbarrow
45:33 Fletching
46:35 Bow Saw
46:47 Bodkin Arrow
49:29 Imperial Age
47:07 Stone Mining
48:12 Padded Archer Armor
47:54 Crossbowman
50:37 Leather Archer Armor
50:23 Scale Mail Armor
50:55 Ballistics
51:36 Chemistry
50:38 Bracer
51:10 Cavalier
52:41 Conscription
53:53 Ring Archer Armor
54:06 Bloodlines
54:04 Elite Skirmisher
55:08 Pikeman
59:17 Chain Mail Armor
60:11 Forging
65:08 Light Cavalry
66:53 Thumb Ring
68:14 Gold Shaft Mining
Connection lost

Rejoining the realm…

Still unreachable

The connection could not be restored.

Session expired

The server has moved on; the page needs a fresh start.